 Dungeon Crawl Stone Soup version 0.19.4 (webtiles) character file.

233 Naow the Conjurer (level 5, -2/28 HPs)
             Began as a Deep Elf Conjurer on Jan 30, 2017.
             Was a Follower of Vehumet.
             Slain by a slave (9 damage)
             ... led by Pikel
             ... on level 4 of the Dungeon.
             The game lasted 00:04:33 (3909 turns).

Naow the Conjurer (Deep Elf Conjurer)               Turns: 3909, Time: 00:04:34

Health: -2/28      AC:  2    Str:  7    XL:     5   Next: 74%
Magic:  6/14       EV: 13    Int: 21    God:    Vehumet [*.....]
Gold:   168        SH:  0    Dex: 15    Spells: 3 memorised, 6 levels left

rFire  . . .     SeeInvis .     r - -3 dagger (curse)
rCold  . . .     Gourm    .     a - +0 robe
rNeg   . . .     Faith    .     (no shield)
rPois  .         Spirit   .     (no helmet)
rElec  .         Reflect  .     (no cloak)
rCorr  +         Harm     .     (no gloves)
MR     .....                    (no boots)
Stlth  ++........               (no amulet)
                                i - +2 ring of strength
                                h - ring of resist corrosion

@: no status effects
A: no striking features
a: Renounce Religion


You were on level 4 of the Dungeon.
You worshipped Vehumet.
Vehumet was aware of your devotion.
You were not hungry.

You visited 1 branch of the dungeon, and saw 4 of its levels.

You collected 168 gold pieces.

Inventory:

Hand Weapons
 r - a cursed -3 dagger (weapon)
Armour
 a - a +0 robe (worn)
Jewellery
 h - a ring of resist corrosion (left hand)
 i - a +2 ring of strength (right hand)
Scrolls
 d - 3 scrolls of remove curse {unknown}
 f - 5 scrolls of identify {unknown}
 g - 3 scrolls of immolation {unknown}
 k - a scroll of enchant armour {unknown}
 l - a scroll of fog {unknown}
 n - a scroll of magic mapping {unknown}
 u - a scroll of fear {unknown}
 v - a scroll of blinking {unknown}
 w - a scroll of random uselessness {unknown}
 x - a scroll of teleportation {unknown}
Potions
 e - 2 potions of haste {unknown}
 j - a potion of degeneration {unknown}
 o - a potion of curing {unknown}
 p - a potion of flight {unknown}
 q - a potion of might {unknown}
 s - a potion of magic {unknown}
Books
 b - a book of Conjurations

   Spells                             Type                      Level
   a - Magic Dart                     Conjuration                  1
   b - Searing Ray                    Conjuration                  2
   c - Dazzling Spray                 Conjuration/Hexes            3
   d - Fulminant Prism                Conjuration/Hexes            4
   e - Iskenderun's Mystic Blast      Conjuration                  4
   f - Iskenderun's Battlesphere      Conjuration/Charms           5
Comestibles
 c - 6 bread rations
 m - 3 meat rations
 t - a slice of pizza
 z - a chunk of flesh


   Skills:
 - Level 2.4 Dodging
 - Level 2.4 Stealth
 + Level 5.4 Spellcasting
 * Level 6.7 Conjurations


You had 6 spell levels left.
You knew the following spells:

 Your Spells              Type           Power        Failure   Level  Hunger
a - Magic Dart            Conj           ####         1%          1    None
b - Searing Ray           Conj           ####..       1%          2    None
c - Iskenderun's Battles  Conj/Chrm      ###.....     78%         5    #####..


Dungeon Overview and Level Annotations

Branches:
Dungeon (4/15)
 Temple: D:4-7

Altars:
Hepliaklqana
Sif Muna
Uskayaw
Vehumet


Message History

The slave is severely wounded.
The slave completely misses you. The slave hits you.
The searing ray hits the slave.
You kill the slave!
That felt strangely unrewarding.
You finish channeling your searing ray.
The slave hits you!
* * * LOW HITPOINT WARNING * * *
Casting: Searing Ray
Confirm with . or Enter, or press ? or * to list all spells.
Aiming: Searing Ray
Press: ? - help, Shift-Dir - straight line, f - slave
Aim: a slave, wearing an animal skin The searing ray hits the slave.
The slave is moderately wounded. (Press . to maintain the ray.)
The slave barely misses you.
The searing ray hits the slave.
The slave is moderately wounded.
The slave hits you!
You die...

#............
##..#.##.##.. #..#p#
# #..#.# #..#.# .#
#..#.##.## #........#
#.######.#........
#......[@..###.#....
########p#.###.# ...
#..............
#.#...###.#..
#.#....(..... .#
#.##..###.##.# .# #.
#.........# .# ..
#..#.#.#..###.###
#####....#.#>....^...


You could see a slave.

Vanquished Creatures
  A slave (D:4)
  A scorpion (D:4)
  A crimson imp (D:3)
  A hound (D:3)
  3 adders
  2 oozes (D:1)
  4 worms
  2 dart slugs (D:2)
  5 orcs
  A ball python (D:3)
  4 bats
  6 giant cockroaches
  4 goblins
  12 hobgoblins
  5 jackals
  6 kobolds
  4 frilled lizards
  5 rats
67 creatures vanquished.

Notes
Turn   | Place    | Note
-------+----------+-------------------------------------------
     0 | D:1      | Naow the Deep Elf Conjurer began the quest for the Orb.
     0 | D:1      | Reached XP level 1. HP: 10/10 MP: 6/6
   183 | D:1      | Reached XP level 2. HP: 15/15 MP: 4/8
   187 | D:1      | Learned a level 2 spell: Searing Ray
   832 | D:1      | Reached XP level 3. HP: 19/19 MP: 1/10
   937 | D:1      | Reached skill level 5 in Conjurations
  1769 | D:2      | Found a hide-covered altar of Uskayaw.
  1770 | D:2      | Found a radiant altar of Vehumet.
  1987 | D:2      | Found a deep blue altar of Sif Muna.
  2163 | D:2      | Became a worshipper of Vehumet
  2585 | D:3      | Reached XP level 4. HP: 24/24 MP: 8/12
  2813 | D:3      | Found a hazy altar of Hepliaklqana.
  3422 | D:3      | Reached * piety under Vehumet
  3422 | D:3      | Offered knowledge of Flame Tongue by Vehumet.
  3489 | D:4      | Reached skill level 5 in Spellcasting
  3489 | D:4      | Reached skill level 6 in Conjurations
  3489 | D:4      | Reached XP level 5. HP: 28/28 MP: 8/14
  3496 | D:4      | Learned a level 5 spell: Iskenderun's Battlesphere
  3640 | D:4      | Noticed a slave
  3645 | D:4      | Noticed a slave
  3907 | D:4      | Killed a slave
  3909 | D:4      | Slain by a slave

Skill      XL: |  1  2  3  4 |
---------------+-------------+-----
Spellcasting   | 4 5 |  5.4
Conjurations   | 5 6 |  6.7
Dodging        | |  2.4
Stealth        | |  2.4

Action                   |  1- 3 |  4- 6 || total
-------------------------+-------+-------++-------
 Cast: Magic Dart        |    82 |    59 ||   141
       Searing Ray       |     2 |    10 ||    12
  Eat: Chunk             |     5 |     4 ||     9
Armor: Robe              |       |     3 ||     3
Dodge: Dodged            |     6 |    25 ||    31
